[Event "44th Chess Olympiad Open 2022"]
[Site "Chennai"]
[Date "2022.08.09"]
[Round "11.35"]
[White "Ribera Veganzones, Serni"]
[Black "Li, Georgiy"]
[Result "1-0"]
[ECO "C84"]
[WhiteElo "2203"]
[BlackElo "1994"]
[Annotator "RC"]
[PlyCount "73"]
[EventDate "2022.07.29"]
[EventType "team-tourn"]
[EventCountry "IND"]
[SourceTitle "playchess.com"]
[Source "ChessBase"]
[SourceQuality "1"]
[WhiteTeam "Andorra"]
[BlackTeam "Korea"]
[WhiteTeamCountry "AND"]
[BlackTeamCountry "KOR"]
[TimeControl "40/5400+30:1800+30"]

1. e4 e5 2. Nf3 Nc6 3. Bb5 a6 4. Ba4 Nf6 5. d3 d6 6. c3 Be7 7. Nbd2 O-O 8. O-O Bd7 9. Re1 Na5 10. Bc2 c5 11. Nf1 Nc6 12. h3 b5 13. d4 cxd4 14. cxd4 Nxd4 15. Nxd4 exd4 16. Qxd4 Rc8 17. Bb3 Be6 18. Bg5 h6 19. Bh4 Nd7 20. Bxe7 Qxe7 21. Rad1 Bxb3 22. axb3 Rc6 23. Ne3 Qe6 24. Nf5 Nf6 25. Rd3 Kh7 26. e5 Qxf5 27. exf6 g6 28. Rf3 Qg5 29. Re7 Kg8 30. Rg3 Qf5 31. Rf3 Qg5 32. Kh2 Qc5 33. Qg4 Qd5 34. Qd7 Rc2 35. Re8 Qc6 36. Rxf8+ Kxf8 37. Qe7+ 1-0

[Event "44th Chess Olympiad Open 2022"]
[Site "Chennai"]
[Date "2022.08.09"]
[Round "11.36"]
[White "O`Gorman, Tom"]
[Black "Khusenkhojaev, Mustafokhuja"]
[Result "1-0"]
[ECO "D85"]
[WhiteElo "2401"]
[BlackElo "2238"]
[Annotator "RC"]
[PlyCount "101"]
[EventDate "2022.07.29"]
[EventType "team-tourn"]
[EventCountry "IND"]
[SourceTitle "playchess.com"]
[Source "ChessBase"]
[SourceQuality "1"]
[WhiteTeam "Ireland"]
[BlackTeam "Tajikistan"]
[WhiteTeamCountry "IRL"]
[BlackTeamCountry "TJK"]
[TimeControl "40/5400+30:1800+30"]

1. d4 Nf6 2. c4 g6 3. Nc3 d5 4. cxd5 Nxd5 5. e4 Nxc3 6. bxc3 Bg7 7. Nf3 c5 8. Be2 Nc6 9. d5 Bxc3+ 10. Bd2 Bxa1 11. Qxa1 Nd4 12. Nxd4 cxd4 13. Qxd4 O-O 14. O-O Qb6 15. Qc3 f6 16. Be3 Qd8 17. h4 Bd7 18. Bh6 Re8 19. h5 Rc8 20. Qg3 Qc7 21. f4 Kf7 22. Kh1 e6 23. e5 exd5 24. Bf3 Qc4 25. Rd1 Rc5 26. hxg6+ hxg6 27. Qh4 fxe5 28. Bg5 Bf5 29. Qh7+ Ke6 30. fxe5 Rc7 31. Qh6 Rd7 32. Bf6 Qb4 33. Qe3 Rc8 34. Kh2 d4 35. Qf4 Qc3 36. Qh4 Rf8 37. Qh6 Rg8 38. Qh4 Qe3 39. Re1 Qd2 40. Bg5 Qb4 41. Bd1 a5 42. Bb3+ Rd5 43. Qh7 Rf8 44. Rc1 Kxe5 45. Bxd5 Kxd5 46. Be7 Qd2 47. Rc5+ Ke6 48. Bxf8 Qf4+ 49. Kg1 Qe3+ 50. Kh1 Kf6 51. Bg7+ 1-0

[Event "44th Chess Olympiad Open 2022"]
[Site "Chennai"]
[Date "2022.08.09"]
[Round "11.36"]
[White "Heidenfeld, Mark"]
[Black "Ilkhomi, Jaloliddin"]
[Result "1/2-1/2"]
[ECO "C15"]
[WhiteElo "2355"]
[BlackElo "2076"]
[Annotator "RC"]
[PlyCount "75"]
[EventDate "2022.07.29"]
[EventType "team-tourn"]
[EventCountry "IND"]
[SourceTitle "playchess.com"]
[Source "ChessBase"]
[SourceQuality "1"]
[WhiteTeam "Ireland"]
[BlackTeam "Tajikistan"]
[WhiteTeamCountry "IRL"]
[BlackTeamCountry "TJK"]
[TimeControl "40/5400+30:1800+30"]

1. e4 e6 2. d4 d5 3. Nc3 Bb4 4. Nge2 dxe4 5. a3 Be7 6. Nxe4 Nf6 7. Qd3 O-O 8. Bf4 Nbd7 9. N2c3 Nxe4 10. Nxe4 Nf6 11. Be2 Nxe4 12. Qxe4 Bg5 13. Bxg5 Qxg5 14. f4 Qg6 15. Bf3 Qxe4+ 16. Bxe4 Rb8 17. O-O-O b6 18. Rhe1 Rd8 19. Re3 g6 20. c4 Bb7 21. Bxb7 Rxb7 22. d5 exd5 23. Rxd5 Rbb8 24. Re7 Rxd5 25. cxd5 Rc8 26. Kd2 Kf8 27. d6 Rd8 28. Rxc7 Rxd6+ 29. Ke3 a6 30. Rb7 b5 31. Ra7 h5 32. h3 h4 33. Kf3 f5 34. Ke3 Kg8 35. Ke2 Kh8 36. Ke3 Kg8 37. b3 Kh8 38. a4 1/2-1/2

[Event "44th Chess Olympiad Open 2022"]
[Site "Chennai"]
[Date "2022.08.09"]
[Round "11.36"]
[White "Karimov, Alisher"]
[Black "Baburin, Alexander"]
[Result "1/2-1/2"]
[ECO "B90"]
[WhiteElo "2234"]
[BlackElo "2400"]
[Annotator "RC"]
[PlyCount "98"]
[EventDate "2022.07.29"]
[EventType "team-tourn"]
[EventCountry "IND"]
[SourceTitle "playchess.com"]
[Source "ChessBase"]
[SourceQuality "1"]
[WhiteTeam "Tajikistan"]
[BlackTeam "Ireland"]
[WhiteTeamCountry "TJK"]
[BlackTeamCountry "IRL"]
[TimeControl "40/5400+30:1800+30"]

1. e4 c5 2. Nf3 d6 3. d4 cxd4 4. Nxd4 Nf6 5. Nc3 a6 6. Be3 e5 7. Nb3 Be7 8. f3 Be6 9. Qd2 O-O 10. O-O-O Nbd7 11. Kb1 b5 12. g4 Nb6 13. g5 Nh5 14. Na5 Qc7 15. Nd5 Nxd5 16. exd5 Bxd5 17. Qxd5 Qxa5 18. Bd3 Qc7 19. g6 Kh8 20. gxf7 Bf6 21. Be4 Rad8 22. Qd3 d5 23. Bxd5 Rxf7 24. Qe2 Rfd7 25. Be4 Nf4 26. Rxd7 Qxd7 27. Qf2 b4 28. Rc1 Nd5 29. Ka1 Nxe3 30. Qxe3 Qd2 31. Qxd2 Rxd2 32. Rh1 g6 33. a3 bxa3 34. bxa3 Kg7 35. Kb2 Be7 36. Kb3 Rd8 37. Bd3 Rb8+ 38. Ka2 Kf6 39. h4 Bc5 40. h5 Bd4 41. a4 Kg5 42. hxg6 hxg6 43. Rb1 Rxb1 44. Kxb1 Kf4 45. Bxg6 Kxf3 46. Kc1 e4 47. Kd1 a5 48. Bh5+ Ke3 49. Be2 Bc3 1/2-1/2

[Event "44th Chess Olympiad Open 2022"]
[Site "Chennai"]
[Date "2022.08.09"]
[Round "11.36"]
[White "Sharifov, Mekhriddin"]
[Black "Kanyamarala, Tarun"]
[Result "1-0"]
[ECO "B42"]
[WhiteElo "2097"]
[BlackElo "2379"]
[Annotator "RC"]
[PlyCount "119"]
[EventDate "2022.07.29"]
[EventType "team-tourn"]
[EventCountry "IND"]
[SourceTitle "playchess.com"]
[Source "ChessBase"]
[SourceQuality "1"]
[WhiteTeam "Tajikistan"]
[BlackTeam "Ireland"]
[WhiteTeamCountry "TJK"]
[BlackTeamCountry "IRL"]
[TimeControl "40/5400+30:1800+30"]

1. e4 c5 2. Nf3 e6 3. d4 cxd4 4. Nxd4 a6 5. Bd3 Bc5 6. Nb3 Ba7 7. Nc3 Ne7 8. Bg5 f6 9. Bh4 O-O 10. Qe2 b5 11. a3 Nbc6 12. O-O-O Bb7 13. f4 Qc7 14. e5 fxe5 15. fxe5 Nf5 16. Bg3 b4 17. axb4 Nxb4 18. Bxf5 Rxf5 19. Rhf1 Raf8 20. Rxf5 Rxf5 21. Nd4 Rf8 22. Kb1 Ba8 23. Qg4 Qb7 24. Nxe6 dxe6 25. Qxe6+ Qf7 26. Qxf7+ Rxf7 27. e6 Rf8 28. Bd6 Nc6 29. Bxf8 Kxf8 30. Rd7 Bg1 31. Nd5 Bxh2 32. Nb6 Ne5 33. Rd8+ Ke7 34. Rxa8 Kxe6 35. Rxa6 Kf5 36. Ra7 Bg1 37. Rxg7 Bxb6 38. Rxh7 Nc4 39. b4 Ne3 40. Kb2 Nxg2 41. c4 Bd4+ 42. Kb3 Ne3 43. Re7 Be5 44. b5 Ke4 45. b6 Nf5 46. Rd7 Nd4+ 47. Kb4 Nc2+ 48. Kc5 Na1 49. b7 Nb3+ 50. Kb6 Bd4+ 51. Rxd4+ Kxd4 52. b8=Q Kxc4 53. Qf4+ Kc3 54. Kb5 Nd4+ 55. Ka4 Kc4 56. Qc7+ Kd5 57. Kb4 Nc6+ 58. Kc3 Kc5 59. Qd7 Kb6 60. Qd5 1-0

[Event "44th Chess Olympiad Open 2022"]
[Site "Chennai"]
[Date "2022.08.09"]
[Round "11.37"]
[White "Risteski, Emil"]
[Black "Chavez, Ricardo Ernesto"]
[Result "1/2-1/2"]
[ECO "B06"]
[WhiteElo "2405"]
[BlackElo "2179"]
[Annotator "RC"]
[PlyCount "71"]
[EventDate "2022.07.29"]
[EventType "team-tourn"]
[EventCountry "IND"]
[SourceTitle "playchess.com"]
[Source "ChessBase"]
[SourceQuality "1"]
[WhiteTeam "Macedonia"]
[BlackTeam "El Salvador"]
[WhiteTeamCountry "MKD"]
[BlackTeamCountry "ESA"]
[TimeControl "40/5400+30:1800+30"]

1. e4 g6 2. d4 Bg7 3. Nc3 d6 4. f4 a6 5. Nf3 b5 6. Bd3 Nd7 7. a4 b4 8. Ne2 a5 9. e5 e6 10. Ng3 Ba6 11. h4 h5 12. Ng5 Ne7 13. O-O Bxd3 14. Qxd3 d5 15. c3 bxc3 16. bxc3 Nb6 17. Ba3 Nc4 18. Bc5 Qd7 19. Rfb1 Qc6 20. Rb5 Bh6 21. Rab1 Bxg5 22. fxg5 Nf5 23. Nxf5 exf5 24. Qe2 Kd7 25. Qa2 Qe6 26. Rb7 Ra6 27. R1b5 Rha8 28. Qb1 Rc6 29. Rb8 Rxb8 30. Rxb8 Nxe5 31. Qb7 Nf3+ 32. gxf3 Qe1+ 33. Kg2 Qe2+ 34. Kg1 Qe1+ 35. Kg2 Qe2+ 36. Kg1 1/2-1/2

[Event "44th Chess Olympiad Open 2022"]
[Site "Chennai"]
[Date "2022.08.09"]
[Round "11.37"]
[White "Nikolovski, Nikola"]
[Black "Arias, Lemnys A."]
[Result "1-0"]
[ECO "B23"]
[WhiteElo "2366"]
[BlackElo "2258"]
[Annotator "RC"]
[PlyCount "115"]
[EventDate "2022.07.29"]
[EventType "team-tourn"]
[EventCountry "IND"]
[SourceTitle "playchess.com"]
[Source "ChessBase"]
[SourceQuality "1"]
[WhiteTeam "Macedonia"]
[BlackTeam "El Salvador"]
[WhiteTeamCountry "MKD"]
[BlackTeamCountry "ESA"]
[TimeControl "40/5400+30:1800+30"]

1. e4 c5 2. Nc3 Nc6 3. f4 g6 4. Nf3 Bg7 5. a4 d6 6. Bb5 Bd7 7. d3 e6 8. Bxc6 Bxc6 9. O-O Ne7 10. Qe1 h6 11. Kh1 O-O 12. Bd2 f5 13. Qh4 d5 14. exd5 Nxd5 15. Qg3 Kh7 16. Rfe1 Qf6 17. Ne5 Nb4 18. Rac1 Rad8 19. b3 Be8 20. Nf3 Nc6 21. Ne2 Qb2 22. Ne5 Nd4 23. Nc4 Nxe2 24. Rxe2 Qf6 25. Rce1 Bf7 26. Bc1 Qe7 27. Ne5 Rd6 28. Ba3 Rc8 29. Qe3 Ra6 30. Nc4 g5 31. Bb2 Rg8 32. Bxg7 Rxg7 33. Qe5 Qf8 34. Kg1 Bh5 35. Re3 Rd7 36. fxg5 hxg5 37. Rh3 Kh6 38. Qe2 g4 39. Rh4 Qf6 40. g3 Qd4+ 41. Kf1 Rd5 42. Ne5 Rxe5 43. Qxe5 Rd6 44. h3 Kg5 45. hxg4 Bxg4 46. Rh7 Qxe5 47. Rxe5 b6 48. Re1 a5 49. Kf2 Bh5 50. Rh1 Bg6 51. Re7 Kf6 52. Rb7 e5 53. Rh8 e4 54. dxe4 fxe4 55. Ke3 Ke5 56. Rh6 Rf6 57. Re7+ Kf5 58. Rg7 1-0

[Event "44th Chess Olympiad Open 2022"]
[Site "Chennai"]
[Date "2022.08.09"]
[Round "11.37"]
[White "Giron, Jorge Ernesto"]
[Black "Stanojoski, Zvonko"]
[Result "1/2-1/2"]
[ECO "B61"]
[WhiteElo "2288"]
[BlackElo "2412"]
[Annotator "RC"]
[PlyCount "60"]
[EventDate "2022.07.29"]
[EventType "team-tourn"]
[EventCountry "IND"]
[SourceTitle "playchess.com"]
[Source "ChessBase"]
[SourceQuality "1"]
[WhiteTeam "El Salvador"]
[BlackTeam "Macedonia"]
[WhiteTeamCountry "ESA"]
[BlackTeamCountry "MKD"]
[TimeControl "40/5400+30:1800+30"]

1. e4 c5 2. Nf3 Nc6 3. d4 cxd4 4. Nxd4 Nf6 5. Nc3 d6 6. Bg5 Bd7 7. Qd2 Rc8 8. f4 Nxd4 9. Qxd4 Qa5 10. e5 dxe5 11. fxe5 e6 12. exf6 Qxg5 13. Ne4 Qa5+ 14. c3 g6 15. O-O-O Bc6 16. Kb1 Rd8 17. Qxd8+ Qxd8 18. Rxd8+ Kxd8 19. Bd3 Kc7 20. Ng5 Be8 21. Be4 Bd6 22. Nf3 h6 23. Rd1 g5 24. h3 Bc6 25. Bxc6 bxc6 26. Rd4 Bf4 27. Ra4 Kb6 28. Rb4+ Kc7 29. Ra4 Kb6 30. Rb4+ Kc7 1/2-1/2

[Event "44th Chess Olympiad Open 2022"]
[Site "Chennai"]
[Date "2022.08.09"]
[Round "11.37"]
[White "Burgos Figueroa, Carlos E."]
[Black "Lazov, Toni"]
[Result "1-0"]
[ECO "A36"]
[WhiteElo "2164"]
[BlackElo "2374"]
[Annotator "RC"]
[PlyCount "103"]
[EventDate "2022.07.29"]
[EventType "team-tourn"]
[EventCountry "IND"]
[SourceTitle "playchess.com"]
[Source "ChessBase"]
[SourceQuality "1"]
[WhiteTeam "El Salvador"]
[BlackTeam "Macedonia"]
[WhiteTeamCountry "ESA"]
[BlackTeamCountry "MKD"]
[TimeControl "40/5400+30:1800+30"]

1. e4 c5 2. c4 Nc6 3. Nc3 g6 4. g3 Bg7 5. Bg2 e6 6. Nge2 Nge7 7. O-O O-O 8. d3 d6 9. Be3 Nd4 10. Qd2 Nec6 11. Bh6 Bxh6 12. Qxh6 Nxe2+ 13. Nxe2 Qf6 14. Qd2 Rb8 15. Rad1 b5 16. b3 b4 17. d4 e5 18. dxc5 dxc5 19. Qd6 Qxd6 20. Rxd6 Ne7 21. Nc1 Rb6 22. Rfd1 Be6 23. f4 exf4 24. gxf4 Kg7 25. Kf2 h6 26. Ke3 Re8 27. Rd8 Kf8 28. R1d2 Nc8 29. Rxe8+ Kxe8 30. Nd3 Rc6 31. f5 Bd7 32. Ne5 Rd6 33. fxg6 fxg6 34. Rxd6 Nxd6 35. Nxg6 Be6 36. Ne5 Kd8 37. Bf3 Kc7 38. h4 a5 39. Be2 Kb6 40. Ng6 a4 41. Nf4 Bg8 42. Bd3 Kc7 43. e5 Nb5 44. cxb5 axb3 45. axb3 Bxb3 46. Be4 Kb6 47. Bd5 Ba4 48. Bc4 b3 49. Nd5+ Kb7 50. Nc3 b2 51. Bd5+ Kc8 52. Be4 1-0

[Event "44th Chess Olympiad Open 2022"]
[Site "Chennai"]
[Date "2022.08.09"]
[Round "11.38"]
[White "Hernandez Guerrero, Gilberto"]
[Black "Harper, Ryan"]
[Result "1/2-1/2"]
[ECO "C77"]
[WhiteElo "2560"]
[BlackElo "2208"]
[Annotator "RC"]
[PlyCount "100"]
[EventDate "2022.07.29"]
[EventType "team-tourn"]
[EventCountry "IND"]
[SourceTitle "playchess.com"]
[Source "ChessBase"]
[SourceQuality "1"]
[WhiteTeam "Mexico"]
[BlackTeam "TTO"]
[WhiteTeamCountry "MEX"]
[TimeControl "40/5400+30:1800+30"]

1. e4 e5 2. Nf3 Nc6 3. Bb5 a6 4. Ba4 Nf6 5. d3 Bc5 6. Nc3 b5 7. Bb3 d6 8. Nd5 h6 9. c3 Be6 10. Be3 Bxd5 11. exd5 Bxe3 12. fxe3 Ne7 13. e4 Ng6 14. Qd2 Qd7 15. a4 O-O 16. O-O Rfb8 17. Kh1 Qc8 18. Ra2 Qb7 19. Bd1 b4 20. a5 Qb5 21. Re1 bxc3 22. Qxc3 Ra7 23. Ba4 Qb4 24. Rc1 Nf4 25. b3 Ng6 26. g3 Kf8 27. Qxb4 Rxb4 28. Rac2 Rbb7 29. Rc4 Ke7 30. b4 Kd8 31. Kg1 Nd7 32. Kf2 Rb8 33. Ne1 Ne7 34. Ke2 f5 35. Nc2 Nf6 36. Rf1 g5 37. Kd2 f4 38. gxf4 exf4 39. Nd4 Ng4 40. Rfc1 Rbb7 41. Ne6+ Kc8 42. d4 Ne3 43. R4c3 Rxb4 44. Rxc7+ Kb8 45. Rxa7 Kxa7 46. Be8 Rb2+ 47. Kd3 Rb3+ 48. Kd2 Rb2+ 49. Kd3 Rb3+ 50. Kd2 Rb2+ 1/2-1/2

[Event "44th Chess Olympiad Open 2022"]
[Site "Chennai"]
[Date "2022.08.09"]
[Round "11.38"]
[White "Winter Atwell, Adrian"]
[Black "Montes Orozco, Miguel Angel"]
[Result "1-0"]
[ECO "C47"]
[WhiteElo "2250"]
[BlackElo "2070"]
[Annotator "RC"]
[PlyCount "81"]
[EventDate "2022.07.29"]
[EventType "team-tourn"]
[EventCountry "IND"]
[SourceTitle "playchess.com"]
[Source "ChessBase"]
[SourceQuality "1"]
[WhiteTeam "TTO"]
[BlackTeam "Mexico"]
[BlackTeamCountry "MEX"]
[TimeControl "40/5400+30:1800+30"]

1. e4 e5 2. Nf3 Nc6 3. Nc3 Nf6 4. a3 d5 5. Bb5 Nxe4 6. Qe2 Nxc3 7. Qxe5+ Qe7 8. Bxc6+ bxc6 9. dxc3 f6 10. Qxe7+ Bxe7 11. Bf4 Rb8 12. O-O-O Rb7 13. Nd4 Bd7 14. Nb3 g5 15. Na5 Rxb2 16. Kxb2 gxf4 17. c4 Kf7 18. cxd5 Rb8+ 19. Ka2 cxd5 20. Rb1 Rg8 21. g3 Bc5 22. f3 Bb6 23. Nb3 Bf5 24. Rbd1 fxg3 25. hxg3 Rxg3 26. Rxd5 Bxc2 27. Nd4 Bd3 28. Rc1 Rg2+ 29. Kb3 c5 30. Nc2 c4+ 31. Kc3 Ke6 32. Nb4 Be2 33. Rh5 Bc7 34. Nc6 Kd7 35. Nd4 Bd3 36. Rd5+ Kc8 37. Re1 Be5 38. f4 Bxf4 39. Re8+ Kc7 40. Ne6+ Kc6 41. Nxf4 1-0

[Event "44th Chess Olympiad Open 2022"]
[Site "Chennai"]
[Date "2022.08.09"]
[Round "11.38"]
[White "Capo Vidal, Uriel"]
[Black "Mc Intosh, Isaiah"]
[Result "1-0"]
[ECO "D02"]
[WhiteElo "2215"]
[BlackElo "2215"]
[Annotator "RC"]
[PlyCount "57"]
[EventDate "2022.07.29"]
[EventType "team-tourn"]
[EventCountry "IND"]
[SourceTitle "playchess.com"]
[Source "ChessBase"]
[SourceQuality "1"]
[WhiteTeam "Mexico"]
[BlackTeam "TTO"]
[WhiteTeamCountry "MEX"]
[TimeControl "40/5400+30:1800+30"]

1. d4 d5 2. Bf4 Nf6 3. Nf3 c5 4. e3 Nc6 5. Nbd2 e6 6. c3 Bd6 7. Bg3 O-O 8. Bd3 b6 9. e4 Be7 10. e5 Nh5 11. Ng5 Bxg5 12. Qxh5 g6 13. Qe2 cxd4 14. h4 Bxd2+ 15. Qxd2 dxc3 16. bxc3 d4 17. c4 Bb7 18. h5 g5 19. f4 f6 20. exf6 gxf4 21. Bxf4 Qxf6 22. O-O Qh4 23. Bd6 Rxf1+ 24. Rxf1 Qxh5 25. Qf4 Re8 26. Qg3+ Kh8 27. Bf8 Qe5 28. Qh4 Qc7 29. Bg6 1-0

[Event "44th Chess Olympiad Open 2022"]
[Site "Chennai"]
[Date "2022.08.09"]
[Round "11.38"]
[White "Johnson, Joshua"]
[Black "Ibarra Chami, Luis Fernando"]
[Result "1/2-1/2"]
[ECO "B33"]
[WhiteElo "2178"]
[BlackElo "2452"]
[Annotator "RC"]
[PlyCount "87"]
[EventDate "2022.07.29"]
[EventType "team-tourn"]
[EventCountry "IND"]
[SourceTitle "playchess.com"]
[Source "ChessBase"]
[SourceQuality "1"]
[WhiteTeam "TTO"]
[BlackTeam "Mexico"]
[BlackTeamCountry "MEX"]
[TimeControl "40/5400+30:1800+30"]

1. e4 c5 2. Nf3 Nc6 3. d4 cxd4 4. Nxd4 Nf6 5. Nc3 e5 6. Ndb5 d6 7. Bg5 a6 8. Na3 b5 9. Bxf6 gxf6 10. Nd5 f5 11. exf5 Bxf5 12. Qf3 Nd4 13. Nc7+ Qxc7 14. Qxa8+ Ke7 15. c3 b4 16. cxb4 Qb6 17. Bxa6 Qxb4+ 18. Kf1 Qd2 19. h4 Bh6 20. Qb7+ Kf6 21. Rh3 Bxh3 22. gxh3 Rf8 23. Re1 Qf4 24. Nc4 Nf3 25. Re3 Nxh4 26. Nxd6 Kg7 27. Bc4 Nf5 28. Nxf5+ Qxf5 29. Bd3 Qe6 30. Rg3+ Kh8 31. Qa6 Qxa6 32. Bxa6 Rb8 33. Bc4 Bf4 34. Ra3 Rxb2 35. Bxf7 Kg7 36. Bd5 Kf6 37. Ra6+ Kf5 38. Be6+ Kg5 39. a4 Bd2 40. Rc6 Ba5 41. Rc5 Rxf2+ 42. Kxf2 Bb6 43. Kf3 Bxc5 44. Ke4 1/2-1/2

[Event "44th Chess Olympiad Open 2022"]
[Site "Chennai"]
[Date "2022.08.09"]
[Round "11.39"]
[White "Greet, Andrew N"]
[Black "Makoto, Rodwell"]
[Result "1-0"]
[ECO "C54"]
[WhiteElo "2392"]
[BlackElo "2346"]
[Annotator "RC"]
[PlyCount "113"]
[EventDate "2022.07.29"]
[EventType "team-tourn"]
[EventCountry "IND"]
[SourceTitle "playchess.com"]
[Source "ChessBase"]
[SourceQuality "1"]
[WhiteTeam "Scotland"]
[BlackTeam "Zimbabwe"]
[WhiteTeamCountry "SCO"]
[BlackTeamCountry "ZIM"]
[TimeControl "40/5400+30:1800+30"]

1. e4 e5 2. Nf3 Nc6 3. Bc4 Bc5 4. c3 Nf6 5. d4 exd4 6. e5 d5 7. Bb5 Ne4 8. cxd4 Bb6 9. Nc3 O-O 10. Be3 Ne7 11. Bd3 f5 12. a4 c6 13. O-O h6 14. Ne2 g5 15. Ne1 c5 16. dxc5 Bxc5 17. Bxc5 Nxc5 18. Nd4 Ng6 19. e6 Ne7 20. Qh5 Kg7 21. h4 Qe8 22. Qxe8 Rxe8 23. hxg5 hxg5 24. Bxf5 Nxf5 25. Nxf5+ Kf6 26. Nd4 Bxe6 27. Nec2 Bf7 28. Rfd1 Re4 29. f3 Re7 30. a5 Ne6 31. Nxe6 Kxe6 32. Nd4+ Kf6 33. Rac1 Rd8 34. b4 Rdd7 35. Kf2 Rc7 36. Nb5 Rxc1 37. Rxc1 a6 38. Nd4 Be8 39. Rc3 Bf7 40. Rc2 Bg8 41. Nb3 Bf7 42. Nc5 Be8 43. Re2 Rxe2+ 44. Kxe2 Ke5 45. Nxb7 Kd4 46. Kd2 Bd7 47. Nd6 Bc6 48. Nf7 Be8 49. Nxg5 Kc4 50. f4 Kxb4 51. f5 Kxa5 52. f6 Kb4 53. f7 Bxf7 54. Nxf7 a5 55. g4 a4 56. g5 a3 57. Kc2 1-0

[Event "44th Chess Olympiad Open 2022"]
[Site "Chennai"]
[Date "2022.08.09"]
[Round "11.39"]
[White "Olson, Hamish"]
[Black "Zhemba, Jemusse"]
[Result "0-1"]
[ECO "E14"]
[WhiteElo "2343"]
[BlackElo "2162"]
[Annotator "RC"]
[PlyCount "116"]
[EventDate "2022.07.29"]
[EventType "team-tourn"]
[EventCountry "IND"]
[SourceTitle "playchess.com"]
[Source "ChessBase"]
[SourceQuality "1"]
[WhiteTeam "Scotland"]
[BlackTeam "Zimbabwe"]
[WhiteTeamCountry "SCO"]
[BlackTeamCountry "ZIM"]
[TimeControl "40/5400+30:1800+30"]

1. d4 Nf6 2. Nf3 b6 3. c4 Bb7 4. e3 e6 5. Bd3 c5 6. O-O Be7 7. Nc3 O-O 8. d5 exd5 9. cxd5 Re8 10. e4 d6 11. h3 Nbd7 12. Bf4 Bf8 13. Re1 a6 14. a4 Qc7 15. Nd2 g6 16. Bh2 Bg7 17. Nc4 Ne5 18. Bxe5 dxe5 19. Qb3 Nd7 20. d6 Qd8 21. Ne3 Re6 22. Bc4 Rxd6 23. Bxf7+ Kh8 24. Bd5 Rb8 25. Nc4 Bxd5 26. Nxd5 Rc6 27. Nc3 Qg8 28. Red1 Nf8 29. Nd5 Qf7 30. Qg3 Qe8 31. Kh1 b5 32. axb5 axb5 33. Nce3 Rb7 34. Ra5 h6 35. Rda1 Qf7 36. Ra8 Kh7 37. Ng4 Re6 38. R1a3 Qg8 39. Rc8 c4 40. Raa8 Qf7 41. Qh4 g5 42. Qg3 Ng6 43. Nge3 Ra7 44. Nf5 Rea6 45. Rxa7 Rxa7 46. Rb8 Nf4 47. Rxb5 Qd7 48. Rb6 Nxd5 49. Rd6 Qa4 50. Rxd5 Qa1+ 51. Kh2 Qxb2 52. Rc5 Ra3 53. Qg4 Qxf2 54. Ng3 Qxc5 55. Qf5+ Kh8 56. Nh5 Ra1 57. Nf6 Qg1+ 58. Kg3 Qe3+ 0-1

[Event "44th Chess Olympiad Open 2022"]
[Site "Chennai"]
[Date "2022.08.09"]
[Round "11.39"]
[White "Masango, Spencer"]
[Black "Gourlay, Iain"]
[Result "1-0"]
[ECO "D15"]
[WhiteElo "2170"]
[BlackElo "2321"]
[Annotator "RC"]
[PlyCount "115"]
[EventDate "2022.07.29"]
[EventType "team-tourn"]
[EventCountry "IND"]
[SourceTitle "playchess.com"]
[Source "ChessBase"]
[SourceQuality "1"]
[WhiteTeam "Zimbabwe"]
[BlackTeam "Scotland"]
[WhiteTeamCountry "ZIM"]
[BlackTeamCountry "SCO"]
[TimeControl "40/5400+30:1800+30"]

1. Nf3 d5 2. c4 c6 3. d4 Nf6 4. Nc3 a6 5. Bf4 dxc4 6. a4 Bf5 7. e3 Nd5 8. Bxc4 Nxf4 9. exf4 e6 10. Qb3 Qc7 11. Nh4 Bg4 12. h3 Bh5 13. g4 Be7 14. Ng2 Bg6 15. h4 h5 16. f5 exf5 17. gxf5 Bxf5 18. Bxf7+ Kf8 19. Ne3 Bh7 20. Rh3 Nd7 21. Be6 Nf6 22. Rf3 Qd6 23. O-O-O Qb4 24. Qa2 Rd8 25. Nc4 Ke8 26. Re3 Nd5 27. Bxd5 cxd5 28. Rde1 dxc4 29. Rxe7+ Kf8 30. Rc7 Bd3 31. d5 Rh6 32. Ree7 Qxe7 33. Rxe7 Kxe7 34. Qa3+ Kd7 35. Qc5 Rc8 36. Qd4 Rf6 37. Nd1 Re8 38. Qa7 Kc7 39. Qc5+ Kd7 40. Qa7 Kc7 41. Qc5+ Kb8 42. d6 Rc8 43. Qe5 Rf5 44. Qg3 Rg8 45. d7+ Ka8 46. Qc7 Rff8 47. Ne3 Rd8 48. Nd5 Bf5 49. Nb6+ Ka7 50. Qc5 Bg4 51. f4 Kb8 52. Qd6+ Ka7 53. a5 Rgf8 54. Qc5 Kb8 55. Qe5+ Ka7 56. Nc8+ Ka8 57. Qd4 g6 58. Qa7# 1-0

[Event "44th Chess Olympiad Open 2022"]
[Site "Chennai"]
[Date "2022.08.09"]
[Round "11.39"]
[White "Mwadzura, Roy"]
[Black "Tate, Alan"]
[Result "1-0"]
[ECO "C54"]
[WhiteElo "2093"]
[BlackElo "2313"]
[Annotator "RC"]
[PlyCount "81"]
[EventDate "2022.07.29"]
[EventType "team-tourn"]
[EventCountry "IND"]
[SourceTitle "playchess.com"]
[Source "ChessBase"]
[SourceQuality "1"]
[WhiteTeam "Zimbabwe"]
[BlackTeam "Scotland"]
[WhiteTeamCountry "ZIM"]
[BlackTeamCountry "SCO"]
[TimeControl "40/5400+30:1800+30"]

1. e4 e5 2. Nf3 Nc6 3. Bc4 Nf6 4. d3 Bc5 5. c3 d6 6. Bb3 a6 7. Be3 O-O 8. Nbd2 Bxe3 9. fxe3 Be6 10. O-O Bxb3 11. Qxb3 b5 12. d4 Ne7 13. h3 Ng6 14. Rf2 c5 15. d5 c4 16. Qc2 Qb6 17. Nf1 Nd7 18. g4 Nc5 19. h4 Nd3 20. Rh2 a5 21. h5 Ne7 22. Qg2 f6 23. Nh4 Rf7 24. Kh1 h6 25. Qf3 Kf8 26. Ng3 Ke8 27. Rf1 Kd7 28. Ng6 Kc7 29. g5 hxg5 30. Nxe7 Rxe7 31. h6 gxh6 32. Qxf6 Rd7 33. Nf5 g4 34. Rxh6 g3 35. Kg2 Nf2 36. Rh4 Rg8 37. Qe6 Rg4 38. Rh8 Nxe4 39. Ne7 Qxe3 40. Rc8+ Kb6 41. Rc6+ 1-0

[Event "44th Chess Olympiad Open 2022"]
[Site "Chennai"]
[Date "2022.08.09"]
[Round "11.40"]
[White "Cawdery, Daniel"]
[Black "Chekh Adm Khedr, Aram"]
[Result "1-0"]
[ECO "C54"]
[WhiteElo "2417"]
[BlackElo "2147"]
[Annotator "RC"]
[PlyCount "103"]
[EventDate "2022.07.29"]
[EventType "team-tourn"]
[EventCountry "IND"]
[SourceTitle "playchess.com"]
[Source "ChessBase"]
[SourceQuality "1"]
[WhiteTeam "South Africa"]
[BlackTeam "Syria"]
[WhiteTeamCountry "RSA"]
[BlackTeamCountry "SYR"]
[TimeControl "40/5400+30:1800+30"]

1. e4 e5 2. Nf3 Nc6 3. Bc4 Bc5 4. c3 Nf6 5. d4 exd4 6. b4 Be7 7. e5 Ne4 8. b5 Na5 9. Bd3 Nxc3 10. Nxc3 dxc3 11. Qa4 b6 12. Qg4 g6 13. Bh6 d5 14. Qf4 Be6 15. O-O Qd7 16. Rac1 O-O-O 17. Rxc3 d4 18. Rc2 Nb7 19. Be4 Qxb5 20. Nxd4 Rxd4 21. Bxb7+ Kxb7 22. Qxd4 Rd8 23. Qc3 c5 24. Rb2 Qd3 25. Qc1 Qc4 26. Rc2 Qd5 27. Bg5 Bxg5 28. Qxg5 Rd7 29. h3 Qd3 30. Qc1 Rd4 31. Re1 Rc4 32. Rxc4 Qxc4 33. a3 Qd4 34. Qe3 Qd5 35. Re2 Qb3 36. Qxb3 Bxb3 37. Re3 Be6 38. g4 b5 39. f4 b4 40. Kf2 h5 41. axb4 cxb4 42. f5 gxf5 43. gxh5 f4 44. Re4 a5 45. h6 Bf5 46. Rxf4 b3 47. Rxf5 b2 48. Rxf7+ Kc6 49. Rf6+ Kc5 50. h7 b1=Q 51. h8=Q Qb2+ 52. Kf3 1-0